| TOP OF THE 1ST |
|
Savannah Indians batting - Pitching for Mobile Bears : RHP Ismael Sagastume
|
|
Pitching: RHP Ismael Sagastume
|
|
|
Batting: RHB Angelo Blake
|
0-0: Called Strike 0-1: Swinging Strike 0-2: Strikes out swinging
|
|
Batting: LHB Kelvin Torve
|
0-0: Ball 1-0: Foul Ball, location: 2F 1-1: Ball 2-1: Foul Ball, location: 2F 2-2: Foul Ball, location: 2F 2-2: Strikes out swinging
|
|
Batting: RHB Jim Paciorek
|
0-0: Ball 1-0: Ball 2-0: Fly out, F3 (Popup, 3F, EV 83.8 MPH)
|
| Top of the 1st over - 0 runs, 0 hits, 0 errors, 0 left on base; Savannah 0 - Mobile 0 |
| BOTTOM OF THE 1ST |
|
Mobile Bears batting - Pitching for Savannah Indians : RHP Jose Guzman
|
|
Pitching: RHP Jose Guzman
|
|
|
Batting: LHB Jeffrey Szczecinski
|
0-0: Ball 1-0: Ball 2-0: SINGLE (Groundball, 4M, EV 101.9 MPH) (infield hit)
|
|
Batting: RHB Bob Hendershot
|
0-0: Ball 1-0: Called Strike 1-1: Foul Ball, location: 2F 1-2: Strikes out swinging
|
|
Batting: LHB Franklin Stubbs
|
0-0: Ball 1-0: Ball 2-0: Ball 3-0: Called Strike 3-1: Base on Balls Jeffrey Szczecinski to second
|
|
Batting: LHB Ken Smith
|
0-0: Called Strike 0-1: DOUBLE (Flyball, 89D, EV 104.4 MPH) Jeffrey Szczecinski scores Franklin Stubbs to third Runner from 3rd tries for Home, SAFE, throw by RF to trailing runner, OUT at third! 9-3-5
|
|
Batting: RHB Jose Aguirre
|
0-0: TRIPLE (Line Drive, 89XD, EV 108.8 MPH)
|
|
Batting: RHB Rick Stromer
|
0-0: Ball 1-0: Ball 2-0: Foul Ball, location: 2F 2-1: Ball 3-1: Base on Balls
|
|
Batting: RHB Jim Opie
|
0-0: Ball 1-0: SINGLE (Line Drive, 56, EV 96.9 MPH) Jose Aguirre scores Rick Stromer to second
|
|
Batting: RHB Alfred Welch
|
0-0: Ball 1-0: Ball 2-0: Swinging Strike 2-1: Foul Ball, location: 2F 2-2: Foul Ball, location: 2F 2-2: Ball 3-2: Foul Ball, location: 2F 3-2: Base on Balls Rick Stromer to third Jim Opie to second
|
|
Batting: RHB Walter Steele
|
0-0: Ball 1-0: Ball 2-0: Foul Ball, location: 2F 2-1: Ball 3-1: Called Strike 3-2: Strikes out looking
|
| Bottom of the 1st over - 3 runs, 4 hits, 0 errors, 3 left on base; Savannah 0 - Mobile 3 |
| TOP OF THE 2ND |
|
Savannah Indians batting - Pitching for Mobile Bears : RHP Ismael Sagastume
|
|
Batting: RHB Eddie Vargas
|
0-0: Foul Ball, location: 2F 0-1: Swinging Strike 0-2: Ball 1-2: Foul Ball, location: 2F 1-2: Ball 2-2: Foul Ball, location: 2F 2-2: Ball 3-2: Foul Ball, location: 2F 3-2: Base on Balls
|
|
Batting: RHB Ramiro Gutierrez
|
0-0: Ball 1-0: Called Strike 1-1: Ball 2-1: Called Strike 2-2: Ball 3-2: Strikes out looking
|
|
Batting: RHB Dave Engle
|
0-0: Ball 1-0: Fly out, F3 (Popup, 34S, EV 78.8 MPH)
|
|
Batting: LHB Albert Castillo
|
0-0: Ball 1-0: Ball 2-0: Foul Ball, location: 2F 2-1: Ball 3-1: Base on Balls Eddie Vargas to second
|
|
Batting: RHB Mario Diaz
|
0-0: Ball 1-0: Ground out U3 (Groundball, 13, EV 78.1 MPH)
|
| Top of the 2nd over - 0 runs, 0 hits, 0 errors, 2 left on base; Savannah 0 - Mobile 3 |
| BOTTOM OF THE 2ND |
|
Mobile Bears batting - Pitching for Savannah Indians : RHP Jose Guzman
|
|
Batting: LHB Jeffrey Szczecinski
|
0-0: Ground out 1-3 (Groundball, 34S, EV 75.0 MPH)
|
|
Batting: RHB Bob Hendershot
|
0-0: Called Strike 0-1: Ground out 6-3 (Groundball, 6, EV 86.9 MPH)
|
|
Batting: LHB Franklin Stubbs
|
0-0: Ball 1-0: Called Strike 1-1: Foul Ball, location: 2F 1-2: Foul Ball, location: 2F 1-2: Ball 2-2: Strikes out swinging
|
| Bottom of the 2nd over - 0 runs, 0 hits, 0 errors, 0 left on base; Savannah 0 - Mobile 3 |
| TOP OF THE 3RD |
|
Savannah Indians batting - Pitching for Mobile Bears : RHP Ismael Sagastume
|
|
Batting: RHB Dan Plante
|
0-0: Fly out, F8 (Flyball, 89D, EV 100.6 MPH)
|
|
Batting: RHB Angelo Blake
|
0-0: Swinging Strike 0-1: Foul Ball, location: 2F 0-2: Ground out 5-3 (Groundball, 56, EV 106.3 MPH)
|
|
Batting: LHB Kelvin Torve
|
0-0: Ball 1-0: SOLO HOME RUN (Flyball, 89XD, EV 91.9 MPH), Distance : 391 ft
|
|
Batting: RHB Jim Paciorek
|
0-0: Ball 1-0: Ball 2-0: Swinging Strike 2-1: Foul Ball, location: 2F 2-2: Strikes out looking
|
| Top of the 3rd over - 1 run, 1 hit, 0 errors, 0 left on base; Savannah 1 - Mobile 3 |
| BOTTOM OF THE 3RD |
|
Mobile Bears batting - Pitching for Savannah Indians : RHP Jose Guzman
|
|
Batting: LHB Ken Smith
|
0-0: Called Strike 0-1: Ball 1-1: Foul Ball, location: 2F 1-2: SOLO HOME RUN (Flyball, 9LD, EV 102.5 MPH), Distance : 348 ft
|
|
Batting: RHB Jose Aguirre
|
0-0: Ball 1-0: Ball 2-0: Ball 3-0: Foul Ball, location: 2F 3-1: Swinging Strike 3-2: Foul Ball, location: 2F 3-2: Strikes out swinging
|
|
Batting: RHB Rick Stromer
|
0-0: Called Strike 0-1: Foul Ball, location: 2F 0-2: Foul Ball, location: 2F 0-2: Ground out 6-3 (Groundball, 6, EV 103.1 MPH)
|
|
Batting: RHB Jim Opie
|
0-0: Ground out 6-3 (Groundball, 6, EV 88.8 MPH)
|
| Bottom of the 3rd over - 1 run, 1 hit, 0 errors, 0 left on base; Savannah 1 - Mobile 4 |
| TOP OF THE 4TH |
|
Savannah Indians batting - Pitching for Mobile Bears : RHP Ismael Sagastume
|
|
Batting: RHB Eddie Vargas
|
0-0: Called Strike 0-1: Foul Ball, location: 2F 0-2: SINGLE (Groundball, 56D, EV 104.4 MPH)
|
|
Batting: RHB Ramiro Gutierrez
|
0-0: Ball 1-0: Called Strike 1-1: Ball 2-1: Fielders Choice at 2nd, 5-4 (Groundball, 56, EV 80.0 MPH)
|
|
Batting: RHB Dave Engle
|
0-0: Ball 1-0: Ball Ramiro Gutierrez is caught stealing 2nd base 2-4 2-0: Swinging Strike 2-1: Swinging Strike 2-2: Strikes out swinging
|
| Top of the 4th over - 0 runs, 1 hit, 0 errors, 0 left on base; Savannah 1 - Mobile 4 |
| BOTTOM OF THE 4TH |
|
Mobile Bears batting - Pitching for Savannah Indians : RHP Jose Guzman
|
|
Batting: RHB Alfred Welch
|
0-0: Ball 1-0: Fly out, F7 (Flyball, 7S, EV 82.5 MPH)
|
|
Batting: RHB Walter Steele
|
0-0: Called Strike 0-1: Ball 1-1: Called Strike 1-2: Fly out, F7 (Flyball, 78XD, EV 86.9 MPH)
|
|
Batting: LHB Jeffrey Szczecinski
|
0-0: Called Strike 0-1: Foul Ball, location: 2F 0-2: Foul Ball, location: 2F 0-2: Strikes out swinging
|
| Bottom of the 4th over - 0 runs, 0 hits, 0 errors, 0 left on base; Savannah 1 - Mobile 4 |
| TOP OF THE 5TH |
|
Savannah Indians batting - Pitching for Mobile Bears : RHP Ismael Sagastume
|
|
Batting: LHB Albert Castillo
|
0-0: Called Strike 0-1: Ball 1-1: Ball 2-1: Fly out, F5 (Popup, 56S, EV 69.4 MPH)
|
|
Batting: RHB Mario Diaz
|
0-0: Reached on error, E6 (Popup, 6D, EV 53.1 MPH)
|
|
Batting: RHB Dan Plante
|
0-0: Ball 1-0: Ball Mario Diaz steals 2nd base 2-0: Ball 3-0: Called Strike 3-1: Foul Ball, location: 2F 3-2: Foul Ball, location: 2F 3-2: Foul Ball, location: 2F 3-2: Ground out 4-3 (Groundball, 4, EV 83.8 MPH) Mario Diaz to third
|
|
Batting: RHB Angelo Blake
|
0-0: Ball 1-0: Ball 2-0: Ball 3-0: Base on Balls
|
|
Batting: LHB Kelvin Torve
|
0-0: Called Strike 0-1: Reached on error, E5 (Groundball, 56, EV 83.8 MPH) Mario Diaz scores Angelo Blake to second
|
|
Batting: RHB Jim Paciorek
|
0-0: Ball 1-0: Ball 2-0: Ball 3-0: Base on Balls Angelo Blake to third Kelvin Torve to second
|
|
Batting: RHB Eddie Vargas
|
0-0: Ball 1-0: Ball 2-0: Ball 3-0: Called Strike 3-1: Foul Ball, location: 2F 3-2: Strikes out looking
|
| Top of the 5th over - 1 run, 0 hits, 2 errors, 3 left on base; Savannah 2 - Mobile 4 |
| BOTTOM OF THE 5TH |
|
Mobile Bears batting - Pitching for Savannah Indians : RHP Jose Guzman
|
|
Batting: RHB Bob Hendershot
|
0-0: Ball 1-0: Ball 2-0: Fly out, F7 (Flyball, 78S, EV 74.4 MPH)
|
|
Batting: LHB Franklin Stubbs
|
0-0: Ball 1-0: Called Strike 1-1: SOLO HOME RUN (Flyball, 9LD, EV 90.6 MPH), Distance : 349 ft
|
|
Batting: LHB Ken Smith
|
0-0: Foul Ball, location: 2F 0-1: Ground out 4-3 (Groundball, 4, EV 85.6 MPH)
|
|
Batting: RHB Jose Aguirre
|
0-0: Called Strike 0-1: Ground out 6-3 (Groundball, 6, EV 79.4 MPH)
|
| Bottom of the 5th over - 1 run, 1 hit, 0 errors, 0 left on base; Savannah 2 - Mobile 5 |
| TOP OF THE 6TH |
|
Savannah Indians batting - Pitching for Mobile Bears : RHP Ismael Sagastume
|
|
Batting: RHB Ramiro Gutierrez
|
0-0: Foul Ball, location: 2F 0-1: Ball 1-1: Ball 2-1: Called Strike 2-2: Foul Ball, location: 2F 2-2: Ground out U3 (Groundball, 3, EV 88.8 MPH)
|
|
Batting: RHB Dave Engle
|
0-0: SINGLE (Groundball, 6, EV 101.3 MPH)
|
|
Batting: LHB Albert Castillo
|
0-0: Ball 1-0: Ball 2-0: Foul Ball, location: 2F 2-1: Foul Ball, location: 2F 2-2: Ball 3-2: Foul Ball, location: 2F 3-2: Fly out, F7 (Line Drive, 7, EV 101.9 MPH)
|
|
Batting: RHB Mario Diaz
|
0-0: Ball 1-0: Ball 2-0: Called Strike 2-1: Fly out, F7 (Flyball, 7D, EV 88.8 MPH)
|
| Top of the 6th over - 0 runs, 1 hit, 0 errors, 1 left on base; Savannah 2 - Mobile 5 |
| BOTTOM OF THE 6TH |
|
Mobile Bears batting - Pitching for Savannah Indians : RHP Jose Guzman
|
|
Batting: RHB Rick Stromer
|
0-0: Ball 1-0: Swinging Strike 1-1: Called Strike 1-2: Foul Ball, location: 2F 1-2: Ball 2-2: Ball 3-2: Ground out 1-3 (Groundball, 15S, EV 65.0 MPH)
|
|
Batting: RHB Jim Opie
|
0-0: Ball 1-0: Called Strike 1-1: Swinging Strike 1-2: Ball 2-2: Ball 3-2: Foul Ball, location: 2F 3-2: Ground out 4-3 (Groundball, 4, EV 86.9 MPH)
|
|
Batting: RHB Alfred Welch
|
0-0: Ball 1-0: Called Strike 1-1: Ground out 5-3 (Groundball, 25, EV 78.1 MPH)
|
| Bottom of the 6th over - 0 runs, 0 hits, 0 errors, 0 left on base; Savannah 2 - Mobile 5 |
| TOP OF THE 7TH |
|
Savannah Indians batting - Pitching for Mobile Bears : RHP Ismael Sagastume
|
|
Batting: RHB Dan Plante
|
0-0: Called Strike 0-1: Ball 1-1: Swinging Strike 1-2: Ball 2-2: Strikes out swinging
|
|
Batting: RHB Angelo Blake
|
0-0: Ball 1-0: Called Strike 1-1: SOLO HOME RUN (Flyball, 78XD, EV 98.8 MPH), Distance : 442 ft
|
|
Batting: LHB Kelvin Torve
|
0-0: Called Strike 0-1: Foul Ball, location: 2F 0-2: Ball 1-2: Strikes out swinging
|
|
Batting: RHB Jim Paciorek
|
0-0: Swinging Strike 0-1: Ball 1-1: Called Strike 1-2: Ball 2-2: Strikes out swinging, 2-3 out at first.
|
| Top of the 7th over - 1 run, 1 hit, 0 errors, 0 left on base; Savannah 3 - Mobile 5 |
| BOTTOM OF THE 7TH |
|
Mobile Bears batting - Pitching for Savannah Indians : RHP Jose Guzman
|
|
Pitching: RHP John Dopson
|
|
|
Batting: RHB Walter Steele
|
0-0: Ball 1-0: Ball 2-0: Called Strike 2-1: Ball 3-1: Foul Ball, location: 2F 3-2: Base on Balls
|
|
Batting: LHB Jeffrey Szczecinski
|
0-0: Ball 1-0: Ball 2-0: Ball 3-0: Base on Balls Walter Steele to second
|
|
Batting: RHB Bob Hendershot
|
0-0: Called Strike 0-1: Ball 1-1: Ball 2-1: Called Strike 2-2: Fly out, F5 (Popup, 56, EV 74.4 MPH)
|
|
Batting: LHB Franklin Stubbs
|
0-0: Foul Ball, location: 2F 0-1: Ball 1-1: SINGLE (Line Drive, 7LM, EV 98.8 MPH) Walter Steele to third Jeffrey Szczecinski to second Runner from 3rd tries for Home, SAFE, throw by LF to home
|
|
Batting: LHB Ken Smith
|
0-0: Ball 1-0: Ball 2-0: Called Strike 2-1: Ball 3-1: Base on Balls Jeffrey Szczecinski to third Franklin Stubbs to second
|
|
Batting: RHB Jose Aguirre
|
0-0: Ball 1-0: Foul Ball, location: 2F 1-1: Ball 2-1: Fly out, F9 (Flyball, 89D, EV 100.6 MPH) Runner from 3rd tags up, SCORES, throw by RF Franklin Stubbs to third
|
|
Batting: RHB Rick Stromer
|
0-0: Ball 1-0: Foul Ball, location: 2F 1-1: Ball 2-1: Swinging Strike 2-2: SINGLE (Line Drive, 8LS, EV 106.9 MPH) Franklin Stubbs scores Ken Smith to second
|
|
Batting: RHB Jim Opie
|
0-0: Ball 1-0: Called Strike 1-1: SINGLE (Groundball, 56, EV 96.9 MPH) Ken Smith to third Rick Stromer to second Runner from 3rd tries for Home, SAFE, throw by LF to home
|
|
Pitching: RHP Jack G Hardy
|
|
|
Batting: RHB Alfred Welch
|
0-0: Foul Ball, location: 2F 0-1: Swinging Strike 0-2: Ball 1-2: Foul Ball, location: 2F 1-2: Ball 2-2: Strikes out looking
|
| Bottom of the 7th over - 4 runs, 3 hits, 0 errors, 2 left on base; Savannah 3 - Mobile 9 |
| TOP OF THE 8TH |
|
Savannah Indians batting - Pitching for Mobile Bears : RHP Ismael Sagastume
|
|
Batting: RHB Eddie Vargas
|
0-0: Called Strike 0-1: SINGLE (Line Drive, 34, EV 104.4 MPH)
|
|
Batting: RHB Ramiro Gutierrez
|
0-0: Ball 1-0: Foul Ball, location: 2F 1-1: TRIPLE (Line Drive, 8RXD, EV 110.6 MPH) Eddie Vargas scores
|
|
Batting: RHB Dave Engle
|
0-0: Called Strike 0-1: Ball 1-1: Called Strike 1-2: Ball 2-2: Strikes out swinging
|
|
Batting: LHB Albert Castillo
|
0-0: Foul Ball, location: 2F 0-1: Foul Ball, location: 2F 0-2: Ball 1-2: Ball 2-2: Ground out 4-3 (Groundball, 4, EV 108.8 MPH) Ramiro Gutierrez scores
|
|
Batting: RHB Mario Diaz
|
0-0: Ball 1-0: Ground out 4-3 (Groundball, 4, EV 91.3 MPH)
|
| Top of the 8th over - 2 runs, 2 hits, 0 errors, 0 left on base; Savannah 5 - Mobile 9 |
| BOTTOM OF THE 8TH |
|
Mobile Bears batting - Pitching for Savannah Indians : RHP Jack G Hardy
|
|
Batting: RHB Walter Steele
|
0-0: Called Strike 0-1: Foul Ball, location: 2F 0-2: Ball 1-2: Foul Ball, location: 2F 1-2: Ball 2-2: Foul Ball, location: 2F 2-2: Strikes out swinging
|
|
Batting: LHB Jeffrey Szczecinski
|
0-0: Ball 1-0: Foul Ball, location: 2F 1-1: Ground out 5-3 (Groundball, 56S, EV 85.0 MPH)
|
|
Batting: RHB Bob Hendershot
|
0-0: Ball 1-0: Ball 2-0: Called Strike 2-1: Foul Ball, location: 2F 2-2: Ball 3-2: Base on Balls
|
|
Batting: LHB Franklin Stubbs
|
0-0: Ball 1-0: Ball Pickoff Throw to First - Out! 1-3
|
| Bottom of the 8th over - 0 runs, 0 hits, 0 errors, 0 left on base; Savannah 5 - Mobile 9 |
| TOP OF THE 9TH |
|
Savannah Indians batting - Pitching for Mobile Bears : RHP Ismael Sagastume
|
|
Batting: RHB Dan Plante
|
0-0: Ball 1-0: Ball 2-0: Fly out, F9 (Flyball, 9S, EV 86.9 MPH)
|
|
Batting: RHB Angelo Blake
|
0-0: Ball 1-0: Swinging Strike 1-1: Ball 2-1: Swinging Strike 2-2: Strikes out swinging
|
|
Batting: LHB Kelvin Torve
|
0-0: Called Strike 0-1: Swinging Strike 0-2: Ground out 4-3 (Groundball, 4, EV 100.6 MPH)
|
| Top of the 9th over - 0 runs, 0 hits, 0 errors, 0 left on base; Savannah 5 - Mobile 9 |
|